cohdb
Replays
Latest Replays
All Replays
Popular Replays
Top Player Replays
Match Explorer
How It Works
Community
CoH3 Stats
Reddit
Sign in to upload your games and track your stats! →
Sign in with Steam
Match 41874026
Unlisted
Match 41874026
Overview
Messages
Build Orders
End
Construct Infanterie Kompanie
MG 42 Machine Gun Team
Grenadier Squad
Construct Panzergrenadier Kompanie
Selects Mechanized Battlegroup
Panzergrenadier Squad
Panzergrenadier Squad
251 Medium Carrier
Pioneer Squad
Pak 40 Anti-tank Gun Team
Selects Raid Package
Support Elements
Anhangá
[19PD] Grigor
Wolf 0815
Büffel
[82AD] PaulVmax
Sev | Stryker
Computer - Hard
FloppyBob
0
0
Comments
sign in to comment!
No comments posted yet!